Ducks vs Kings

Created - October 28, 2023 at 00:53

Goals
1 2 3 T
Ducks 1 2 2 5
Kings 0 1 1 2
Shots
1 2 3 T
Ducks 10 6 10 26
Kings 11 6 10 27

GoalsPenalties
1st period
1. Ducks , Patrick Kane 2 (Zach Hyman 3, Ryan McDonagh 1) at 18:11
Joel Edmundson (LOS) for Hooking (Minor) at 1:39
2nd period
2. Ducks , Mats Zuccarello 3 (Adam Fox 6) at 0:25
3. Ducks , Phillip Danault 1 (Mats Zuccarello 2, Adam Fox 7) at 7:06
4. Kings , Mattias Ekholm 3 (Brandon Saad 4, Jonas Brodin 7) at 13:27
Travis Boyd (ANA) for Cross-checking (Minor) at 7:41
3rd period
5. Kings , Evander Kane 3 (Jordan Staal 2, Matt Duchene 4) at 5:01
6. Ducks , Patrick Kane 3 (Tyson Barrie 2, Joe Pavelski 3) at 6:59 (PP)
7. Ducks , Phillip Danault 2 (Pierre-Luc Dubois 3) at 17:21
Mattias Ekholm (LOS) for Interference (Minor) at 5:42
Moritz Seider (ANA) for Hooking (Minor) at 7:14
Goalie Stats
Frederik Andersen (ANA), 25 saves from 27 shots - (0.926), W, 3-3-1, 60:00 minutes
John Gibson (LOS), 15 saves from 19 shots - (0.789), L, 2-2-0, 46:59 minutes
Ville Husso (LOS), 6 saves from 7 shots - (0.857), 13:01 minutes
3 StarsOfficial
1 - Phillip Danault (ANA)
2 - Patrick Kane (ANA)
3 - Mats Zuccarello (ANA)
Referees : Kelly Sutherland and Reid Anderson
Linesman : Derek Amell and David Brisebois
Game Note
Ilya Mikheyev is injured at 13:16 of 1st period (Right Knee)
Ville Husso enters game at 6:59 of 3rd period
Finance
Level 1 -- Attendance: 5746 (88.40%) -- Ticket Income $545,870
Level 2 -- Attendance: 4715 (94.30%) -- Ticket Income $353,625
Level 3 -- Attendance: 3408 (97.37%) -- Ticket Income $187,440
Level 4 -- Attendance: 2118 (100.00%) -- Ticket Income $84,720
Luxury Box -- Attendance: 945 (94.50%) -- Ticket Income $212,625
Game was played at the Staples Center.
Total Attendance: 16932 (93.45%)
Total Ticket Income: $1,384,280
Other Income: $346,070
Total Income: $1,730,350



Team Name Goals Shots Shots Attemp Shots Blocked PIM HIT PP PK FO%
Ducks 5263924261 / 2 (50%)049%
Kings 2274214230 / 2 (0%)151%

Ducks
Player Name POS G A P +/- PIM HIT SHT SB MP PP MP PP SHT PK MP PK SHT FO% FOT
Adam FoxD0221001024:001:4211:3600% 0
Adrian KempeRW000-1033020:191:5800:590100% 1
Brayden McNabbD0002020015:200:0000:5300% 0
Claude GirouxRW000-101004:120:0000:00057% 7
Jack JohnsonD000001005:110:0000:0000% 0
Jason RobertsonLW000-1022017:220:0000:000100% 1
Joe PavelskiC011-1011020:001:1801:20061% 23
Mats ZuccarelloRW1122015022:411:1802:5900% 3
Moritz SeiderD000-1231120:131:3401:0300% 0
Nikolaj EhlersLW000-100204:120:0000:0000% 2
Patrick KaneRW2021024020:561:1812:38060% 5
Phillip DanaultC2023032016:201:5800:00053% 19
Pierre-Luc DuboisLW0113010014:220:0000:00033% 3
Rasmus DahlinD0001011124:161:4212:0200% 0
Ryan McDonaghD011200009:260:0000:0000% 0
Travis BoydC0001230016:490:0000:00027% 15
Tyson BarrieD011-1001021:331:3402:2200% 0
Zach HymanLW0111023018:481:5800:000100% 1
Kings
Player Name POS G A P +/- PIM HIT SHT SB MP PP MP PP SHT PK MP PK SHT FO% FOT
Alex OvechkinLW000-2041024:572:0400:00025% 4
Brandon SaadLW0111004011:370:0000:0000% 0
Conor ShearyLW0000001010:000:0000:0000% 0
David SavardD0000020016:471:3601:5300% 0
Evander KaneLW101-1035018:321:5400:0000% 0
Ilya MikheyevRW000000103:150:0000:0000% 0
Joel EdmundsonD0000240013:170:0000:0000% 0
Jonas BrodinD0110001025:222:2202:0800% 0
Jordan StaalC0111031017:390:0001:51057% 21
Logan CoutureC000-2022018:482:0402:1300% 1
Mark GiordanoD000-2020120:160:0001:4000% 0
Matt DucheneC011-1001018:321:5400:00065% 23
Mattias EkholmD1010202023:181:3610:5100% 0
Nic DowdC0000002011:250:0001:25144% 9
Ryan SuterD000-2012020:582:2210:0000% 0
Sidney CrosbyC000-2002016:352:0410:00053% 17
Tyler MotteC0000010011:030:0001:0300% 1
Vladimir TarasenkoRW0000012014:211:5400:0000% 4



Play-by-Play

1st period


0:01 of 1st period - Joe Pavelski wins face-off versus Sidney Crosby in neutral zone.
0:13 of 1st period - Mattias Ekholm is hit by Adrian Kempe and loses puck.
0:23 of 1st period - Jonas Brodin is hit by Rasmus Dahlin and loses puck.
1:12 of 1st period - Ilya Mikheyev is hit by Jason Robertson and loses puck.
1:16 of 1st period - Ryan Suter is hit by Adrian Kempe and loses puck.
1:21 of 1st period - Shot by Ilya Mikheyev.
1:21 of 1st period - Stopped by Frederik Andersen without a rebound.
1:22 of 1st period - Jordan Staal wins face-off versus Travis Boyd in Ducks zone.
1:31 of 1st period - Icing by Jordan Staal.
1:32 of 1st period - Phillip Danault wins face-off versus Jordan Staal in Kings zone.
1:32 of 1st period - Mats Zuccarello is hit by Joel Edmundson.
1:39 of 1st period - Minor Penalty to Joel Edmundson for Hooking.
1:40 of 1st period - Jordan Staal wins face-off versus Joe Pavelski in Kings zone.
2:36 of 1st period - Off-side.
2:37 of 1st period - Adrian Kempe wins face-off versus Nic Dowd in neutral zone.
2:42 of 1st period - Shot by Adam Fox.
2:42 of 1st period - Stopped by John Gibson without a rebound.
2:43 of 1st period - Phillip Danault wins face-off versus Nic Dowd in Kings zone.
3:22 of 1st period - Shot by Nic Dowd.
3:22 of 1st period - Stopped by Frederik Andersen without a rebound.
3:23 of 1st period - Joe Pavelski wins face-off versus Jordan Staal in Ducks zone.
3:27 of 1st period - Icing by Rasmus Dahlin.
3:28 of 1st period - Jordan Staal wins face-off versus Joe Pavelski in Ducks zone.
3:53 of 1st period - Shot by Mats Zuccarello.
3:53 of 1st period - Stopped by John Gibson without a rebound.
3:54 of 1st period - Sidney Crosby wins face-off versus Travis Boyd in Kings zone.
4:08 of 1st period - Icing by Mattias Ekholm.
4:09 of 1st period - Alex Ovechkin wins face-off versus Phillip Danault in Kings zone.
5:56 of 1st period - Shot by Vladimir Tarasenko.
5:56 of 1st period - Shot Misses the Net.
6:29 of 1st period - Shot by Zach Hyman.
6:29 of 1st period - Stopped by John Gibson with a rebound.
7:15 of 1st period - Shot by Conor Sheary.
7:15 of 1st period - Stopped by Frederik Andersen without a rebound.
7:16 of 1st period - Joe Pavelski wins face-off versus Alex Ovechkin in Ducks zone.
7:16 of 1st period - Joe Pavelski is hit by Alex Ovechkin.
7:22 of 1st period - Logan Couture is hit by Jason Robertson and loses puck.
7:47 of 1st period - Shot by Jason Robertson.
7:47 of 1st period - Shot Blocked by Mark Giordano.
7:49 of 1st period - Shot by Brayden McNabb.
7:49 of 1st period - Shot Misses the Net.
8:15 of 1st period - Shot by Nikolaj Ehlers.
8:15 of 1st period - Stopped by John Gibson without a rebound.
8:16 of 1st period - Claude Giroux wins face-off versus Matt Duchene in Kings zone.
8:17 of 1st period - Shot by Mats Zuccarello.
8:17 of 1st period - Stopped by John Gibson without a rebound.
8:18 of 1st period - Claude Giroux wins face-off versus Matt Duchene in Kings zone.
8:39 of 1st period - Shot by Evander Kane.
8:39 of 1st period - Stopped by Frederik Andersen without a rebound.
8:40 of 1st period - Travis Boyd wins face-off versus Vladimir Tarasenko in Ducks zone.
8:40 of 1st period - Travis Boyd is hit by Vladimir Tarasenko.
8:55 of 1st period - Vladimir Tarasenko is hit by Brayden McNabb and loses puck.
9:06 of 1st period - Shot by Vladimir Tarasenko.
9:06 of 1st period - Stopped by Frederik Andersen without a rebound.
9:07 of 1st period - Joe Pavelski wins face-off versus Matt Duchene in Ducks zone.
9:11 of 1st period - Off-side.
9:12 of 1st period - Jason Robertson wins face-off versus Sidney Crosby in neutral zone.
9:32 of 1st period - Shot by Adrian Kempe.
9:32 of 1st period - Stopped by John Gibson without a rebound.
9:33 of 1st period - Matt Duchene wins face-off versus Travis Boyd in Kings zone.
10:09 of 1st period - Shot by Ilya Mikheyev.
10:09 of 1st period - Shot Blocked by Rasmus Dahlin.
11:02 of 1st period - Shot by Alex Ovechkin.
11:02 of 1st period - Deflect By Sidney Crosby.
11:02 of 1st period - Shot Misses the Net.
11:36 of 1st period - Shot by Joe Pavelski.
11:36 of 1st period - Shot Misses the Net.
12:06 of 1st period - Shot by Vladimir Tarasenko.
12:06 of 1st period - Stopped by Frederik Andersen with a rebound.
13:15 of 1st period - Ilya Mikheyev is hit by Travis Boyd and loses puck.
13:16 of 1st period - Ilya Mikheyev from Kings is injured at 13:16 of 1st period (Right Knee).
13:17 of 1st period - Phillip Danault wins face-off versus Sidney Crosby in Kings zone.
13:37 of 1st period - Alex Ovechkin is hit by Moritz Seider and loses puck.
14:02 of 1st period - Shot by Mats Zuccarello.
14:02 of 1st period - Shot Misses the Net.
14:56 of 1st period - Shot by Evander Kane.
14:56 of 1st period - Stopped by Frederik Andersen without a rebound.
14:57 of 1st period - Zach Hyman wins face-off versus Nic Dowd in Ducks zone.
15:19 of 1st period - Shot by Patrick Kane.
15:19 of 1st period - Stopped by John Gibson with a rebound.
15:21 of 1st period - Shot by Zach Hyman.
15:21 of 1st period - Shot Hit the Post.
15:34 of 1st period - Off-side.
15:35 of 1st period - Claude Giroux wins face-off versus Jordan Staal in neutral zone.
15:41 of 1st period - Icing by David Savard.
15:42 of 1st period - Jordan Staal wins face-off versus Nikolaj Ehlers in Kings zone.
15:42 of 1st period - Jordan Staal is hit by Mats Zuccarello.
17:17 of 1st period - Shot by Sidney Crosby.
17:17 of 1st period - Stopped by Frederik Andersen with a rebound.
17:27 of 1st period - Shot by Vladimir Tarasenko.
17:27 of 1st period - Deflect By Matt Duchene.
17:27 of 1st period - Shot Misses the Net.
18:09 of 1st period - Shot by Zach Hyman.
18:09 of 1st period - Shot Misses the Net.
18:11 of 1st period - Shot by Patrick Kane.
18:11 of 1st period - Goal by Patrick Kane - Ducks : 1 - Kings : 0.
18:12 of 1st period - Nic Dowd wins face-off versus Phillip Danault in neutral zone.
18:34 of 1st period - Off-side.
18:35 of 1st period - Sidney Crosby wins face-off versus Travis Boyd in neutral zone.
18:42 of 1st period - Shot by Logan Couture.
18:42 of 1st period - Shot Misses the Net.
18:50 of 1st period - Shot by Logan Couture.
18:50 of 1st period - Stopped by Frederik Andersen with a rebound.
19:00 of 1st period - Shot by Zach Hyman.
19:00 of 1st period - Deflect By Patrick Kane.
19:00 of 1st period - Stopped by John Gibson without a rebound.
19:01 of 1st period - Phillip Danault wins face-off versus Matt Duchene in Kings zone.
19:04 of 1st period - Shot by Mats Zuccarello.
19:04 of 1st period - Stopped by John Gibson without a rebound.
19:05 of 1st period - Matt Duchene wins face-off versus Phillip Danault in Kings zone.
19:34 of 1st period - Shot by Alex Ovechkin.
19:34 of 1st period - Stopped by Frederik Andersen without a rebound.
19:35 of 1st period - Jordan Staal wins face-off versus Joe Pavelski in Ducks zone.
19:38 of 1st period - Shot by Vladimir Tarasenko.
19:38 of 1st period - Shot Misses the Net.
19:40 of 1st period - Shot by Jordan Staal.
19:40 of 1st period - Stopped by Frederik Andersen without a rebound.
19:41 of 1st period - Jordan Staal wins face-off versus Joe Pavelski in Ducks zone.
19:41 of 1st period - Mattias Ekholm is hit by Moritz Seider and loses puck.
19:47 of 1st period - Brandon Saad is hit by Moritz Seider and loses puck.
Goals for this period are 1 for Ducks vs 0 for Kings.
Shots for this period are 10 for Ducks vs 11 for Kings.

2nd period


0:01 of 2nd period - Sidney Crosby wins face-off versus Pierre-Luc Dubois in neutral zone.
0:05 of 2nd period - Icing by Adam Fox.
0:06 of 2nd period - Sidney Crosby wins face-off versus Phillip Danault in Ducks zone.
0:25 of 2nd period - Shot by Mats Zuccarello.
0:25 of 2nd period - Goal by Mats Zuccarello - Ducks : 2 - Kings : 0.
0:26 of 2nd period - Travis Boyd wins face-off versus Matt Duchene in neutral zone.
0:43 of 2nd period - Tyson Barrie is hit by Alex Ovechkin and loses puck.
1:12 of 2nd period - Mark Giordano is hit by Patrick Kane and loses puck.
1:35 of 2nd period - Adam Fox is hit by Evander Kane and loses puck.
1:49 of 2nd period - Icing by Adam Fox.
1:50 of 2nd period - Joe Pavelski wins face-off versus Jordan Staal in Ducks zone.
1:52 of 2nd period - Rasmus Dahlin is hit by Jordan Staal and loses puck.
2:48 of 2nd period - Icing by Pierre-Luc Dubois.
2:49 of 2nd period - Phillip Danault wins face-off versus Nic Dowd in Ducks zone.
3:24 of 2nd period - Tyler Motte is hit by Pierre-Luc Dubois and loses puck.
4:53 of 2nd period - Icing by Mark Giordano.
4:54 of 2nd period - Matt Duchene wins face-off versus Claude Giroux in Kings zone.
4:54 of 2nd period - Matt Duchene is hit by Claude Giroux.
5:09 of 2nd period - Icing by Adam Fox.
5:10 of 2nd period - Jordan Staal wins face-off versus Mats Zuccarello in Ducks zone.
5:37 of 2nd period - Icing by Mattias Ekholm.
5:38 of 2nd period - Jordan Staal wins face-off versus Joe Pavelski in Kings zone.
5:38 of 2nd period - Jordan Staal is hit by Joe Pavelski.
6:43 of 2nd period - Conor Sheary is hit by Jack Johnson and loses puck.
6:46 of 2nd period - Shot by Nic Dowd.
6:46 of 2nd period - Stopped by Frederik Andersen without a rebound.
6:47 of 2nd period - Phillip Danault wins face-off versus Sidney Crosby in Ducks zone.
7:06 of 2nd period - Shot by Phillip Danault.
7:06 of 2nd period - Goal by Phillip Danault - Ducks : 3 - Kings : 0.
7:07 of 2nd period - Matt Duchene wins face-off versus Travis Boyd in neutral zone.
7:36 of 2nd period - Matt Duchene is hit by Travis Boyd and loses puck.
7:40 of 2nd period - Matt Duchene is hit by Travis Boyd and loses puck.
7:41 of 2nd period - Minor Penalty to Travis Boyd for Cross-checking.
7:42 of 2nd period - Sidney Crosby wins face-off versus Patrick Kane in Ducks zone.
8:09 of 2nd period - Shot by Mattias Ekholm.
8:09 of 2nd period - Stopped by Frederik Andersen without a rebound.
8:10 of 2nd period - Patrick Kane wins face-off versus Vladimir Tarasenko in Ducks zone.
8:21 of 2nd period - Tyson Barrie is hit by Evander Kane and loses puck.
9:23 of 2nd period - Shot by Logan Couture.
9:23 of 2nd period - Shot Misses the Net.
10:36 of 2nd period - Shot by Jordan Staal.
10:36 of 2nd period - Shot Misses the Net.
10:38 of 2nd period - Shot by Brandon Saad.
10:38 of 2nd period - Stopped by Frederik Andersen with a rebound.
12:29 of 2nd period - Mats Zuccarello is hit by David Savard.
12:42 of 2nd period - Icing by David Savard.
12:43 of 2nd period - Claude Giroux wins face-off versus Tyler Motte in Kings zone.
12:43 of 2nd period - Moritz Seider is hit by Joel Edmundson and loses puck.
12:52 of 2nd period - Tyson Barrie is hit by Tyler Motte and loses puck.
13:25 of 2nd period - Shot by Brandon Saad.
13:25 of 2nd period - Shot Misses the Net.
13:27 of 2nd period - Shot by Mattias Ekholm.
13:27 of 2nd period - Goal by Mattias Ekholm - Ducks : 3 - Kings : 1.
13:28 of 2nd period - Matt Duchene wins face-off versus Travis Boyd in neutral zone.
13:32 of 2nd period - Off-side.
13:33 of 2nd period - Matt Duchene wins face-off versus Travis Boyd in neutral zone.
13:57 of 2nd period - Shot by Patrick Kane.
13:57 of 2nd period - Shot Misses the Net.
14:10 of 2nd period - Shot by Evander Kane.
14:10 of 2nd period - Stopped by Frederik Andersen without a rebound.
14:11 of 2nd period - Joe Pavelski wins face-off versus Jordan Staal in Ducks zone.
14:11 of 2nd period - Joe Pavelski is hit by Jordan Staal.
14:19 of 2nd period - Shot by Jason Robertson.
14:19 of 2nd period - Stopped by John Gibson without a rebound.
14:20 of 2nd period - Joe Pavelski wins face-off versus Jordan Staal in Kings zone.
14:40 of 2nd period - Icing by Adrian Kempe.
14:41 of 2nd period - Matt Duchene wins face-off versus Joe Pavelski in Ducks zone.
15:06 of 2nd period - Shot by Evander Kane.
15:06 of 2nd period - Shot Misses the Net.
15:08 of 2nd period - Shot by Evander Kane.
15:08 of 2nd period - Deflect By Alex Ovechkin.
15:08 of 2nd period - Shot Misses the Net.
15:10 of 2nd period - Shot by Jonas Brodin.
15:10 of 2nd period - Stopped by Frederik Andersen without a rebound.
15:11 of 2nd period - Jordan Staal wins face-off versus Mats Zuccarello in Ducks zone.
15:15 of 2nd period - Icing by Rasmus Dahlin.
15:16 of 2nd period - Jordan Staal wins face-off versus Phillip Danault in Ducks zone.
15:49 of 2nd period - Shot by Mats Zuccarello.
15:49 of 2nd period - Stopped by John Gibson without a rebound.
15:50 of 2nd period - Sidney Crosby wins face-off versus Travis Boyd in Kings zone.
15:50 of 2nd period - Mattias Ekholm is hit by Zach Hyman and loses puck.
16:47 of 2nd period - Adam Fox is hit by Alex Ovechkin and loses puck.
17:11 of 2nd period - Shot by Adrian Kempe.
17:11 of 2nd period - Stopped by John Gibson without a rebound.
17:12 of 2nd period - Matt Duchene wins face-off versus Phillip Danault in Kings zone.
17:12 of 2nd period - Matt Duchene is hit by Phillip Danault.
17:25 of 2nd period - Matt Duchene is hit by Brayden McNabb.
17:44 of 2nd period - Icing by Ryan Suter.
17:45 of 2nd period - Joe Pavelski wins face-off versus Matt Duchene in Kings zone.
18:23 of 2nd period - Shot by Adam Fox.
18:23 of 2nd period - Shot Misses the Net.
18:38 of 2nd period - Icing by David Savard.
18:39 of 2nd period - Nic Dowd wins face-off versus Mats Zuccarello in Kings zone.
18:58 of 2nd period - Shot by Tyson Barrie.
18:58 of 2nd period - Stopped by John Gibson without a rebound.
18:59 of 2nd period - Travis Boyd wins face-off versus Sidney Crosby in Kings zone.
Goals for this period are 2 for Ducks vs 1 for Kings.
Shots for this period are 6 for Ducks vs 6 for Kings.

3rd period


0:01 of 3rd period - Phillip Danault wins face-off versus Alex Ovechkin in neutral zone.
0:11 of 3rd period - Icing by Mattias Ekholm.
0:12 of 3rd period - Joe Pavelski wins face-off versus Sidney Crosby in Kings zone.
0:35 of 3rd period - Shot by Logan Couture.
0:35 of 3rd period - Stopped by Frederik Andersen without a rebound.
0:36 of 3rd period - Matt Duchene wins face-off versus Phillip Danault in Ducks zone.
1:14 of 3rd period - Icing by Adam Fox.
1:15 of 3rd period - Phillip Danault wins face-off versus Jordan Staal in Ducks zone.
1:15 of 3rd period - Phillip Danault is hit by Jordan Staal.
2:01 of 3rd period - Shot by Brandon Saad.
2:01 of 3rd period - Stopped by Frederik Andersen without a rebound.
2:02 of 3rd period - Matt Duchene wins face-off versus Joe Pavelski in Ducks zone.
2:19 of 3rd period - Shot by Adrian Kempe.
2:19 of 3rd period - Stopped by John Gibson without a rebound.
2:20 of 3rd period - Nic Dowd wins face-off versus Travis Boyd in Kings zone.
2:20 of 3rd period - Nic Dowd is hit by Zach Hyman.
3:48 of 3rd period - Icing by Jonas Brodin.
3:49 of 3rd period - Sidney Crosby wins face-off versus Pierre-Luc Dubois in Kings zone.
4:59 of 3rd period - Shot by Jordan Staal.
4:59 of 3rd period - Shot Misses the Net.
5:01 of 3rd period - Shot by Evander Kane.
5:01 of 3rd period - Goal by Evander Kane - Ducks : 3 - Kings : 2.
5:02 of 3rd period - Travis Boyd wins face-off versus Jordan Staal in neutral zone.
5:26 of 3rd period - Shot by Vladimir Tarasenko.
5:26 of 3rd period - Shot Blocked by Moritz Seider.
5:36 of 3rd period - Shot by Brandon Saad.
5:36 of 3rd period - Stopped by Frederik Andersen without a rebound.
5:37 of 3rd period - Joe Pavelski wins face-off versus Sidney Crosby in Ducks zone.
5:37 of 3rd period - Joe Pavelski is hit by Alex Ovechkin.
5:42 of 3rd period - Minor Penalty to Mattias Ekholm for Interference.
5:43 of 3rd period - Joe Pavelski wins face-off versus Logan Couture in Kings zone.
5:46 of 3rd period - Shot by Joe Pavelski.
5:46 of 3rd period - Shot Misses the Net.
5:48 of 3rd period - Shot by Patrick Kane.
5:48 of 3rd period - Deflect By Joe Pavelski.
5:48 of 3rd period - Shot Misses the Net.
5:50 of 3rd period - Shot by Rasmus Dahlin.
5:50 of 3rd period - Stopped by John Gibson without a rebound.
5:51 of 3rd period - Jordan Staal wins face-off versus Phillip Danault in Kings zone.
5:51 of 3rd period - Logan Couture is hit by Phillip Danault and loses puck.
6:57 of 3rd period - Shot by Tyson Barrie.
6:57 of 3rd period - Shot Misses the Net.
6:59 of 3rd period - Shot by Patrick Kane.
6:59 of 3rd period - Goal by Patrick Kane - Ducks : 4 - Kings : 2.
6:59 of 3rd period - Ville Husso enters game.
7:00 of 3rd period - Matt Duchene wins face-off versus Claude Giroux in neutral zone.
7:09 of 3rd period - Shot by Matt Duchene.
7:09 of 3rd period - Stopped by Frederik Andersen without a rebound.
7:10 of 3rd period - Matt Duchene wins face-off versus Nikolaj Ehlers in Ducks zone.
7:14 of 3rd period - Minor Penalty to Moritz Seider for Hooking.
7:15 of 3rd period - Patrick Kane wins face-off versus Sidney Crosby in Ducks zone.
7:30 of 3rd period - Shot by Ryan Suter.
7:30 of 3rd period - Stopped by Frederik Andersen without a rebound.
7:31 of 3rd period - Matt Duchene wins face-off versus Patrick Kane in Ducks zone.
9:02 of 3rd period - Shot by Sidney Crosby.
9:02 of 3rd period - Stopped by Frederik Andersen without a rebound.
9:03 of 3rd period - Patrick Kane wins face-off versus Vladimir Tarasenko in Ducks zone.
9:03 of 3rd period - Patrick Kane is hit by Evander Kane.
10:32 of 3rd period - Jordan Staal is hit by Adrian Kempe and loses puck.
10:48 of 3rd period - Adrian Kempe is hit by Mark Giordano and loses puck.
11:18 of 3rd period - Off-side.
11:19 of 3rd period - Phillip Danault wins face-off versus Matt Duchene in neutral zone.
12:14 of 3rd period - Shot by Zach Hyman.
12:14 of 3rd period - Stopped by Ville Husso without a rebound.
12:15 of 3rd period - Nic Dowd wins face-off versus Travis Boyd in Kings zone.
12:15 of 3rd period - Nic Dowd is hit by Patrick Kane.
12:21 of 3rd period - Shot by Nic Dowd.
12:21 of 3rd period - Shot Misses the Net.
12:37 of 3rd period - Shot by Patrick Kane.
12:37 of 3rd period - Shot Misses the Net.
12:39 of 3rd period - Shot by Zach Hyman.
12:39 of 3rd period - Stopped by Ville Husso without a rebound.
12:40 of 3rd period - Joe Pavelski wins face-off versus Vladimir Tarasenko in Kings zone.
12:43 of 3rd period - Shot by Joe Pavelski.
12:43 of 3rd period - Stopped by Ville Husso without a rebound.
12:44 of 3rd period - Jordan Staal wins face-off versus Joe Pavelski in Kings zone.
12:49 of 3rd period - Shot by Ryan Suter.
12:49 of 3rd period - Stopped by Frederik Andersen without a rebound.
12:50 of 3rd period - Phillip Danault wins face-off versus Alex Ovechkin in Ducks zone.
13:04 of 3rd period - Shot by Evander Kane.
13:04 of 3rd period - Stopped by Frederik Andersen without a rebound.
13:05 of 3rd period - Joe Pavelski wins face-off versus Jordan Staal in Ducks zone.
13:16 of 3rd period - Shot by Jason Robertson.
13:16 of 3rd period - Shot Misses the Net.
13:44 of 3rd period - Shot by Jordan Staal.
13:44 of 3rd period - Shot Misses the Net.
13:48 of 3rd period - Shot by Brandon Saad.
13:48 of 3rd period - Stopped by Frederik Andersen with a rebound.
13:59 of 3rd period - Jason Robertson is hit by Logan Couture and loses puck.
14:21 of 3rd period - Adam Fox is hit by Mark Giordano and loses puck.
14:28 of 3rd period - Adam Fox is hit by Logan Couture and loses puck.
14:42 of 3rd period - Mats Zuccarello is hit by Ryan Suter and loses puck.
15:26 of 3rd period - Icing by David Savard.
15:27 of 3rd period - Matt Duchene wins face-off versus Claude Giroux in Kings zone.
15:46 of 3rd period - Claude Giroux is hit by David Savard and loses puck.
15:59 of 3rd period - Shot by Nikolaj Ehlers.
15:59 of 3rd period - Stopped by Ville Husso without a rebound.
16:00 of 3rd period - Joe Pavelski wins face-off versus Nic Dowd in Kings zone.
16:01 of 3rd period - Shot by Moritz Seider.
16:01 of 3rd period - Stopped by Ville Husso without a rebound.
16:02 of 3rd period - Sidney Crosby wins face-off versus Travis Boyd in Kings zone.
17:17 of 3rd period - Shot by Jason Robertson.
17:17 of 3rd period - Stopped by Ville Husso without a rebound.
17:18 of 3rd period - Pierre-Luc Dubois wins face-off versus Matt Duchene in Kings zone.
17:21 of 3rd period - Shot by Phillip Danault.
17:21 of 3rd period - Goal by Phillip Danault - Ducks : 5 - Kings : 2.
17:22 of 3rd period - Matt Duchene wins face-off versus Phillip Danault in neutral zone.
17:52 of 3rd period - Jordan Staal is hit by Phillip Danault and loses puck.
18:08 of 3rd period - Off-side.
18:09 of 3rd period - Sidney Crosby wins face-off versus Joe Pavelski in neutral zone.
19:25 of 3rd period - Patrick Kane is hit by Joel Edmundson and loses puck.
19:47 of 3rd period - Moritz Seider is hit by Joel Edmundson.
Goals for this period are 2 for Ducks vs 1 for Kings.
Shots for this period are 10 for Ducks vs 10 for Kings.